 Dungeon Crawl Stone Soup version 0.23.2 (webtiles) character file.

Game seed: 2398867791704524656

105 Fang the Skirmisher (level 4, 0/29 HPs)
             Began as a Gargoyle Berserker on Apr 1, 2019.
             Was a Believer of Trog.
             Slain by Purgy (2 damage)
             ... on level 3 of the Dungeon.
             The game lasted 00:02:03 (2130 turns).

Fang the Skirmisher (Gargoyle Berserker)            Turns: 2130, Time: 00:02:04

Health: 0/29       AC:  0    Str: 22    XL:     4   Next: 83%
Magic:  4/4        EV: 19    Int:  7    God:    Trog [**....]
Gold:   71         SH:  0    Dex: 14    Spells: 3/3 levels left

rFire    + . .     SeeInvis .   (weapon currently unavailable)
rCold    + . .     Gourm    .   (shield currently unavailable)
rNeg     + . .     Faith    .   (armour currently unavailable)
rPois    ∞         Spirit   .   (helmet currently unavailable)
rElec    +         Reflect  .   (cloak currently unavailable)
rCorr    +         Harm     .   (gloves currently unavailable)
MR       .....                  (boots currently unavailable)
Stlth    +.........             e - amulet of regeneration
HPRegen  0.49/turn              (ring currently unavailable)
MPRegen  0.09/turn              (ring currently unavailable)

@: bat-form, resistant, flying, very quick
A: tiny, negative energy resistance 1, petrification resistance, rot immunity,
AC +3
a: Berserk, Trog's Hand, Renounce Religion


You were on level 3 of the Dungeon.
You worshipped Trog.
Trog was pleased with you.
You were not hungry.
You were in bat-form.
You visited 1 branch of the dungeon, and saw 3 of its levels.

You collected 71 gold pieces.

Inventory:

Hand Weapons
 a - a +0 hand axe (melded)
Armour
 b - a +0 animal skin (melded)
Jewellery
 e - an amulet of regeneration (around neck)
 m - a ring of flight (melded)
Scrolls
 d - 2 scrolls of teleportation {unknown}
 j - a scroll of remove curse {unknown}
 l - a scroll of identify {unknown}
Potions
 f - a potion of resistance
 g - a potion of brilliance {unknown}
 i - a potion of degeneration {unknown}
 k - a potion of heal wounds {unknown}
 n - a potion of might {unknown}
Comestibles
 c - 6 rations
 h - 2 chunks of flesh


   Skills:
 + Level 4.1 Fighting
 + Level 3.3 Axes
 + Level 3.1 Armour
 + Level 2.3 Dodging


You had 3 spell levels left.
You didn't know any spells.
Your spell library was empty.

Dungeon Overview and Level Annotations

Branches:
Dungeon (3/15)

Altars:

Annotations:
D:3 Ijyb, Purgy


Innate Abilities, Weirdness & Mutations

You are resistant to torment.
((Your stone body is resilient. (AC +3)))
You are immune to poison.
You resist negative energy. (rN+)
((You are resistant to electric shocks. (rElec)))
((You can survive without breathing.))
You are immune to petrification.
You are immune to rotting.


Message History

You are too injured to fight recklessly!
You are too injured to fight recklessly!
You are too injured to fight recklessly!
You are too injured to fight recklessly!
You are too injured to fight recklessly!
You are too injured to fight recklessly!
You are too injured to fight recklessly!
You are too injured to fight recklessly!
You are too injured to fight recklessly!
You are too injured to fight recklessly!
You are too injured to fight recklessly!
You are too injured to fight recklessly!
You are too injured to fight recklessly!
You are too injured to fight recklessly!
You are too injured to fight recklessly!
It was a potion of resistance.
You feel protected.
Purgy looks around nervously.
Purgy bites you.
You die...

#.####......##
#..<.......... .
#####.....## ..
##.....## ...
####........#
##..
#....###....#
..... #.####
####
.....!#(####.###
......Tbg.......
...b##o.K.).....
.. .............
#########.....
..... .#.# . #
..


You could see Purgy, Ijyb, an orc, a bat and a kobold.

Vanquished Creatures
  3 adders (D:2)
  An ooze (D:2)
  A worm (D:2)
  3 dart slugs
  3 leopard geckos
  3 orcs (D:3)
  8 giant cockroaches
  3 goblins (D:1)
  5 hobgoblins
  5 jackals (D:2)
  4 kobolds (D:1)
  2 ball pythons (D:2)
  7 bats
  4 frilled lizards
  5 rats
57 creatures vanquished.

Notes
Turn   | Place    | Note
-------+----------+-------------------------------------------
     0 | D:1      | Fang the Gargoyle Berserker began the quest for the Orb.
     0 | D:1      | Reached XP level 1. HP: 14/14 MP: 1/1
   110 | D:1      | Reached XP level 2. HP: 10/19 MP: 2/2
   566 | D:1      | Reached ** piety under Trog
   566 | D:1      | Reached XP level 3. HP: 4/23 MP: 3/3
  1563 | D:2      | Reached XP level 4. HP: 27/29 MP: 4/4
  1661 | D:2      | Reached skill level 4 in Fighting
  2116 | D:3      | Noticed Ijyb
  2120 | D:3      | Noticed Purgy
  2129 | D:3      | HP: 1/29 [kobold/+0 dagger (1)]
  2130 | D:3      | Slain by Purgy

Skill      XL: |  1  2  3  4 |
---------------+-------------+-----
Axes           | 3 |  3.3
Dodging        | 2 |  2.3
Fighting       | 4 |  4.1
Armour         | 3 |  3.1

Action                   |  1- 3 |  4- 6 || total
-------------------------+-------+-------++-------
Melee: Hand axe          |   117 |    61 ||   178
       Unarmed           |       |     4 ||     4
Invok: Berserk           |     1 |       ||     1
  Use: Potion            |       |     1 ||     1
  Eat: Chunk             |     3 |     2 ||     5
Armor: Animal skin       |    31 |    29 ||    60
Dodge: Dodged            |    92 |    66 ||   158
